Map: Освоение РВ

Players

Nitrate

  • Race: Protoss Protoss
  • League: Gold
  • Spawn Location: 12:00

Вагнер

  • Race: Zerg Zerg
  • Spawn Location: 11:00

BattleRabbit

  • Race: Terran Terran
  • League: Gold
  • Spawn Location: 6:00

Cow

  • Race: Zerg Zerg
  • League: Platinum
  • Spawn Location: 5:00

VOD

Have the link to the VOD?

Description

Time

  • Played on: Feb. 22, 2026, 1:33 p.m.
  • Length: 13:08
Show
View Real Time Build Order
Export as new Build Order

Nitrate Protoss 

Build Orders:  

Get SALT Encoding   

  12  0:00  Probe  
  13  0:12  Probe  
  14  0:17  Pylon  
  14  0:25  Probe  
  15  0:36  Probe  
  15  0:40  Gateway  
  16  0:44  Probe  
  17  0:55  Assimilator  
  17  1:04  Probe  
  17  1:10  Pylon  
  18  1:16  Probe  
  19  1:33  Probe  
  20  1:47  Probe  
  20  1:52  Cybernetics Core, Assimilator  
  20  1:53  Zealot  
  23  2:05  Probe  
  24  2:22  Zealot  
  26  2:25  Nexus, Warp Gate  
  25  2:36  Probe  
  26  2:44  Pylon  
  26  2:49  Probe  
  27  2:58  Zealot  
  29  3:04  Twilight Council  
  29  3:07  Forge  
  29  3:15  Pylon  
  29  3:25  Gateway, Zealot  
  31  3:36  Probe  
  31  3:37  Probe  
  33  3:42  Shield Battery  
  33  3:44  Photon Cannon, Charge  
  33  3:49  Probe  
  33  3:54  Probe  
  35  4:08  Gateway  
  35  4:15  Pylon  
  35  4:17  Probe x2  
  37  4:22  Protoss Ground Weapons Level 1  
  37  4:28  Probe  
  37  4:32  Gateway  
  38  4:41  Zealot x2  
  42  5:05  Nexus  
  42  5:09  Pylon  
  42  5:33  Probe  
  31  5:42  Blink  
  31  5:43  Robotics Facility x2  
  31  5:44  Photon Cannon  
  31  5:48  Stalker x2  
  31  5:49  Stalker  
  37  5:55  Probe  
  38  6:12  Stalker  
  38  6:13  Shield Battery  
  38  6:15  Pylon  
  40  6:21  Probe x2  
  40  6:24  Probe  
  43  6:33  Robotics Bay, Probe x2  
  43  6:36  Probe  
  43  6:39  Zealot x2  
  50  6:46  Probe x2  
  48  6:48  Probe  
  49  6:58  Probe x2  
  51  7:01  Assimilator  
  51  7:03  Photon Cannon  
  51  7:05  Assimilator  
  51  7:08  Photon Cannon  
  51  7:10  Shield Battery  
  51  7:13  Probe x2  
  53  7:22  Colossus  
  53  7:27  Extended Thermal Lance  
  59  7:38  Colossus  
  65  7:52  Stalker x3  
  71  8:07  Colossus  
  77  8:22  Probe  
  77  8:26  Probe x2  
  80  8:28  Assimilator  
  80  8:29  Colossus  
  80  8:30  Assimilator  
  80  8:34  Stalker x2  
  90  8:38  Probe x2  
  92  8:55  Probe x3  
  95  9:07  Probe x3  
  98  9:19  Probe x2  
  80  9:39  Stalker x4  
  82  10:01  Colossus  
  88  10:07  Colossus  
  88  10:10  Photon Cannon  
  94  10:15  Photon Cannon  
  94  10:17  Photon Cannon  
  95  10:21  Probe x3  
  95  10:23  Stalker x2  
  101  10:31  Pylon  
  101  10:34  Gateway  
  101  10:37  Gateway x2  
  101  10:38  Protoss Ground Weapons Level 2, Gateway  
  101  10:42  Gateway  
  101  10:49  Probe x3  
  104  10:59  Pylon  
  104  11:01  Probe x2, Pylon  
  104  11:03  Pylon  
  106  11:04  Nexus  
  106  11:07  Pylon  
  106  11:11  Pylon  
  106  11:17  Colossus  
  112  11:22  Colossus  
  118  11:28  Stalker x3  
  118  11:29  Stalker x2  
  117  11:58  Assimilator  
  116  12:03  Stalker x4  
  116  12:04  Stalker x3  
  130  12:21  Photon Cannon  
Show
View Real Time Build Order
Export as new Build Order

Вагнер Zerg 

Build Orders: Pool First 

Get SALT Encoding   

  12  0:08  Drone x2  
  14  0:19  Overlord  
  14  0:38  Spawning Pool  
  13  0:45  Drone x2  
  13  0:46  Drone  
  16  1:13  Extractor  
  16  1:14  Extractor, Drone x2  
  16  1:24  Drone  
  17  1:38  Drone  
  17  1:39  Overlord  
  18  2:10  Queen  
  18  2:14  Hatchery  
  19  2:37  Zergling x4  
  19  2:38  Zergling x2  
  22  3:09  Zergling x4  
  22  3:11  Metabolic Boost  
  24  3:12  Overlord  
  24  3:24  Zergling x6  
  27  3:32  Queen  
  27  3:33  Drone  
  30  3:35  Drone  
  30  3:40  Roach Warren  
  30  3:58  Drone x2  
  30  4:01  Drone  
  33  4:30  Lair  
  33  4:34  Drone x6  
  33  4:35  Drone x2  
  41  5:05  Roach  
  41  5:06  Overlord x2  
  43  5:12  Drone, Extractor  
  43  5:14  Extractor  
  35  5:24  Zergling x6  
  35  5:25  Roach x3  
  43  5:32  Roach  
  45  5:35  Glial Reconstitution  
  45  5:37  Roach  
  45  5:38  Roach  
  45  5:39  Roach x2  
  53  5:45  Roach x3  
  59  6:05  Drone  
  59  6:07  Overlord x2  
  59  6:08  Overlord  
  60  6:29  Roach x3  
  60  6:30  Roach x2  
  72  6:32  Roach  
  72  6:37  Roach  
  72  6:53  Drone x3  
  74  6:55  Drone x3  
  77  7:38  Hydralisk Den  
  77  7:40  Drone x2  
  77  7:41  Drone  
  65  8:14  Drone  
  65  8:15  Drone x4  
  70  8:47  Queen  
  72  8:49  Drone x4, Queen  
  78  9:25  Hydralisk x3  
  78  9:29  Overlord x3  
  84  9:51  Hydralisk  
  84  9:52  Hydralisk x2  
  78  9:59  Hydralisk x2  
  58  10:00  Hydralisk x3  
  58  10:02  Grooved Spines  
  62  10:07  Spore Crawler  
  62  10:08  Spore Crawler x2  
  62  10:09  Spore Crawler  
  62  10:10  Spore Crawler  
  62  10:11  Spore Crawler  
  62  10:12  Spore Crawler  
  62  10:13  Drone, Spore Crawler  
  55  10:14  Drone  
  55  10:16  Drone  
  57  10:41  Evolution Chamber  
  56  10:43  Evolution Chamber  
  56  10:44  Hydralisk x2  
  59  10:50  Drone  
  59  10:51  Drone  
  59  10:53  Muscular Augments  
  59  10:57  Drone  
  62  10:59  Drone  
  62  11:01  Drone  
  55  11:20  Hydralisk x3  
  61  11:30  Spore Crawler, Drone  
  61  11:31  Spore Crawler  
  60  11:37  Spore Crawler  
  59  11:50  Spore Crawler  
  59  11:52  Extractor  
  57  11:54  Drone x2  
  57  11:55  Spore Crawler  
  57  12:00  Hydralisk  
  60  12:10  Queen  
  60  12:14  Drone x2  
  64  12:18  Drone  
  65  12:29  Hydralisk  
Show
View Real Time Build Order
Export as new Build Order

BattleRabbit Terran 

Build Orders:  

Get SALT Encoding   

  12  0:00  SCV  
  13  0:13  SCV  
  14  0:17  Supply Depot  
  14  0:25  SCV  
  15  0:39  SCV  
  15  0:40  Refinery  
  16  0:45  Barracks  
  16  0:51  SCV  
  17  1:10  SCV  
  18  1:48  Marine  
  19  1:55  Command Center  
  19  2:19  Orbital Command  
  19  2:25  Barracks Reactor  
  19  2:29  Factory, Supply Depot  
  19  2:48  Command Center  
  19  2:50  Supply Depot  
  19  2:59  SCV  
  19  3:02  Marine  
  21  3:06  Marine  
  21  3:11  SCV  
  23  3:13  Factory Tech Lab  
  23  3:21  Supply Depot  
  23  3:35  Marine  
  23  3:36  Marine  
  23  3:37  Hellion  
  27  3:44  SCV, Supply Depot  
  28  3:50  Orbital Command  
  28  3:56  Marine  
  28  3:57  Marine  
  30  4:04  Orbital Command  
  30  4:06  SCV  
  31  4:12  Refinery  
  31  4:17  Marine x2  
  31  4:18  SCV  
  31  4:23  Hellion  
  36  4:28  SCV  
  36  4:30  SCV x2  
  39  4:41  Marine x2  
  41  4:46  Barracks  
  41  4:49  SCV x3  
  44  5:02  Engineering Bay  
  44  5:05  Barracks  
  44  5:06  SCV  
  46  5:07  SCV x2  
  47  5:14  Marine x2  
  47  5:18  Hellion  
  47  5:19  SCV x3  
  54  5:39  Factory  
  54  5:44  Barracks Tech Lab  
  54  5:48  Starport  
  54  5:59  SCV x2  
  54  6:00  SCV  
  54  6:02  Barracks Reactor  
  54  6:03  Marine x3  
  60  6:07  Stimpack  
  60  6:11  SCV x2  
  60  6:12  Terran Infantry Weapons Level 1, SCV  
  63  6:18  Engineering Bay  
  63  6:19  Armory  
  63  6:23  Marine x2, SCV  
  63  6:24  Marauder, Factory Tech Lab  
  68  6:26  Starport Reactor  
  68  6:34  Refinery  
  68  6:35  Siege Tank  
  68  6:37  SCV x3  
  68  6:39  Refinery  
  74  6:41  Marine x2  
  74  6:42  Marine x2  
  74  6:44  Marine  
  74  6:45  Siege Tank  
  82  6:52  Supply Depot  
  82  6:53  Supply Depot  
  82  6:56  Orbital Command, Supply Depot  
  82  6:59  Supply Depot  
  82  7:10  Marine, Marauder  
  82  7:13  Marine x3, SCV  
  89  7:24  SCV x2  
  89  7:25  SCV  
  92  7:31  Marauder  
  92  7:36  SCV x2  
  96  7:38  SCV  
  96  7:44  Marine x4  
  97  7:47  Widow Mine x2, Medivac x2  
  97  7:50  Terran Infantry Armor Level 1  
  109  7:52  Terran Vehicle Weapons Level 1  
  109  8:00  Barracks  
  109  8:01  Barracks  
  109  8:08  Barracks, Supply Depot  
  109  8:09  Supply Depot  
  109  8:10  Marine x2  
  109  8:11  Supply Depot, Marine  
  112  8:13  Marine  
  113  8:26  SCV x3  
  116  8:30  Marine x2, Marauder  
  116  8:31  Marine  
  121  8:38  SCV x3  
  124  8:42  Marine  
  124  8:43  Thor  
  124  8:47  Marine  
  132  8:49  Barracks Reactor x2  
  132  8:51  Medivac x2  
  132  8:52  SCV  
  132  8:53  SCV  
  132  8:54  SCV  
  139  9:04  SCV  
  139  9:05  Supply Depot, SCV  
  139  9:09  Supply Depot  
  141  9:12  Supply Depot  
  141  9:15  Supply Depot  
  141  9:19  Supply Depot  
  141  9:24  Barracks Tech Lab  
  141  9:26  Marine x4, Supply Depot, Marauder  
  147  9:48  Marauder x2, Marine x4  
  147  9:49  Marine x4  
  147  9:50  Siege Tank x2  
  147  9:51  Medivac  
  147  9:52  Liberator  
  152  10:06  Marine  
  148  10:17  Command Center  
  148  10:24  Refinery  
  148  10:27  Refinery  
  148  10:38  SCV x3  
  148  10:40  Command Center  
  151  10:46  Marine, Marauder  
  151  10:47  Marauder, Marine x7  
  151  10:49  Thor x2  
  169  10:50  SCV x3  
  169  10:51  Liberator  
  169  10:52  Liberator  
  169  10:53  Missile Turret  
  184  10:58  Starport  
  184  11:22  Marine, Marauder x2  
  189  11:28  Marine x7  
  196  11:34  Planetary Fortress  
  196  11:36  SCV x2  
  196  11:37  SCV  
  199  11:48  SCV  
  200  11:59  Planetary Fortress  
  200  12:43  Starport Reactor  
Show
View Real Time Build Order
Export as new Build Order

Cow Zerg 

Build Orders: Hatch First 

Get SALT Encoding   

  12  0:04  Drone  
  13  0:17  Drone  
  13  0:19  Extractor  
  13  0:20  Drone  
  15  0:23  Overlord  
  15  0:48  Hatchery  
  14  0:51  Drone  
  14  0:52  Drone  
  14  0:55  Drone  
  17  1:07  Drone  
  18  1:15  Spawning Pool  
  18  1:18  Extractor  
  16  1:19  Drone  
  17  1:28  Overlord  
  17  1:42  Drone  
  17  1:46  Drone  
  19  2:01  Queen x2  
  19  2:03  Zergling x2  
  19  2:07  Zergling x2  
  25  2:14  Drone x2  
  27  2:33  Drone x4  
  31  2:46  Metabolic Boost  
  31  2:48  Drone x2  
  33  2:57  Drone x2  
  35  3:00  Lair  
  33  3:35  Zergling x4  
  33  3:36  Zergling x2  
  33  3:37  Overlord x2  
  33  3:38  Overlord  
  36  3:42  Extractor  
  36  3:45  Drone, Baneling Nest  
  36  3:47  Overlord  
  35  3:50  Extractor, Drone  
  35  3:56  Drone x3  
  38  4:07  Drone x2, Evolution Chamber  
  39  4:10  Evolution Chamber  
  39  4:12  Drone  
  39  4:13  Drone x2  
  39  4:14  Zergling x8  
  45  4:23  Zergling x2  
  46  4:25  Zergling x2  
  46  4:31  Baneling x4  
  47  4:34  Zergling x2  
  47  4:38  Centrifugal Hooks  
  48  4:44  Zerg Melee Weapons Level 1  
  48  4:48  Drone x2  
  48  4:49  Drone x3  
  48  4:50  Drone x2  
  48  4:51  Zergling x2  
  56  4:59  Zerg Ground Armor Level 1  
  56  5:17  Drone x3  
  56  5:18  Drone  
  56  5:20  Extractor  
  57  5:24  Zergling x2  
  57  5:25  Zergling x10  
  57  5:44  Overseer  
  57  6:02  Spore Crawler  
  57  6:03  Spire, Drone  
  56  6:04  Drone  
  56  6:07  Spore Crawler  
  56  6:08  Drone  
  56  6:11  Overlord x4  
  56  6:28  Zergling x2  
  56  6:29  Zergling x18  
  60  7:04  Zergling x12  
  60  7:05  Zergling x8  
  60  7:07  Zerg Melee Weapons Level 2  
  60  7:08  Zerg Ground Armor Level 2  
  70  7:10  Zerg Flyer Weapons Level 1  
  70  7:11  Overlord x2  
  70  7:15  Extractor  
  69  7:16  Hatchery  
  68  7:42  Mutalisk  
  68  7:43  Mutalisk x7  
  66  8:19  Mutalisk  
  66  8:20  Mutalisk x4  
  74  8:28  Queen  
  74  8:29  Drone x4  
  74  8:30  Drone  
  81  8:37  Drone  
  81  8:38  Infestation Pit  
  81  8:39  Mutalisk  
  83  8:47  Spore Crawler  
  82  8:51  Spine Crawler  
  82  8:52  Drone x7  
  82  8:53  Spine Crawler, Mutalisk x2  
  91  9:02  Zergling x6  
  86  9:31  Mutalisk  
  86  9:32  Mutalisk x3  
  86  9:35  Zergling x18  
  96  9:43  Zergling x2  
  96  9:44  Zergling x6  
  93  10:03  Hatchery  
  92  10:07  Mutalisk x4  
  100  10:19  Hive  
  100  10:21  Queen  
  102  10:36  Extractor  
  102  10:40  Extractor  
  100  10:48  Zergling x6  
  100  10:49  Zergling x10  
  102  11:21  Zergling x12  
  106  12:04  Mutalisk x3  
  106  12:05  Mutalisk x3  
  120  12:28  Baneling x8  
Tags
 
Add a new tag
Caveats
  • Supply blocks, unpowered buildings, or Contaminate may cause inaccurate times.
  • Supply counts are checked every 10 seconds.